 Dungeon Crawl Stone Soup version 0.20.1-1-g8b1a95d (webtiles) character file.

18225 tmwrnj the Basher (level 12, -2/106 HPs)
             Began as a Hill Orc Fighter on Sept 9, 2017.
             Was a High Priest of Beogh.
             Slain by a minotaur
             ... wielding a +0 eveningstar
              (22 damage)
             ... in a labyrinth.
             The game lasted 00:45:38 (13255 turns).

tmwrnj the Basher (Hill Orc Fighter)               Turns: 13255, Time: 00:45:39

Health: -2/106     AC: 21    Str: 22    XL:     12   Next: 56%
Magic:  12/12      EV:  7    Int:  8    God:    Beogh [*****.]
Gold:   842        SH: 13    Dex: 15    Spells: 11/11 levels left

rFire    + . .     SeeInvis +   L - +2 flail of Dawn {crush, rF+ rC- SInv}
rCold    x . .     Gourm    .   c - +0 shield
rNeg     . . .     Faith    .   D - +2 plate armour {rPois}
rPois    +         Spirit   .   (no helmet)
rElec    .         Reflect  .   (no cloak)
rCorr    .         Harm     .   y - +1 pair of gloves {Dex+3}
MR       .....                  I - +0 pair of boots
Stlth    ..........             G - amulet of regeneration
Regen    0.7/turn               i - ring of see invisible
MPRegen  0.2/turn               R - +2 ring of protection

@: no status effects
A: walk on water
a: Smiting, Recall Orcish Followers, Give Item to Named Follower, Renounce
Religion


You were in a labyrinth.
You worshipped Beogh.
Beogh was extremely pleased with you.
You were hungry.

You visited 2 branches of the dungeon, and saw 14 of its levels.
You also visited: Labyrinth, Sewer and Ossuary.

You collected 842 gold pieces.

Inventory:

Hand Weapons
 j - a cursed +2 mace of freezing
 q - a +2 flail of protection
 L - the +2 flail of Dawn (weapon) {crush, rF+ rC- SInv}
   (You found it on level 6 of the Dungeon)

   It inflicts extra damage upon your enemies.
   It protects you from fire.
   It makes you vulnerable to cold.
   It lets you see invisible.
 U - a +1 dire flail of protection
Armour
 c - a +0 shield (worn)
 y - a +1 pair of gloves of dexterity (worn)
 D - a +2 plate armour of poison resistance (worn)
 I - a +0 pair of boots (worn)
Jewellery
 b - an uncursed ring of magical power
 i - a ring of see invisible (left hand)
 A - a cursed amulet of magic regeneration {unknown}
 G - an amulet of regeneration (around neck)
 J - an uncursed ring of see invisible
 R - a +2 ring of protection (right hand)
 S - a +3 ring of protection
Wands
 a - a wand of paralysis (13/24)
 p - a wand of iceblast (9/15)
 O - a wand of enslavement (12/24)
 V - a wand of flame (25/48)
Scrolls
 e - 5 scrolls of enchant armour
 h - 3 scrolls of identify
 l - 6 scrolls of remove curse
 o - 9 scrolls of teleportation
 r - 2 scrolls of amnesia {unknown}
 t - 9 scrolls of fog
 u - 2 scrolls of recharging {unknown}
 v - 2 scrolls of enchant weapon {unknown}
 w - 4 scrolls of blinking
 x - 2 scrolls of random uselessness {unknown}
 E - 6 scrolls of magic mapping
 F - 3 scrolls of noise {unknown}
 M - 4 scrolls of fear
 N - a scroll of immolation {unknown}
Potions
 d - 3 potions of might
 k - 4 potions of heal wounds {unknown}
 m - 3 potions of agility {unknown}
 n - 2 potions of ambrosia {unknown}
 s - a potion of experience {unknown}
 B - 2 potions of haste {unknown}
 C - 4 potions of brilliance {unknown}
 H - 4 potions of lignification {unknown}
 K - a potion of cancellation {unknown}
 P - 7 potions of flight
 Q - 3 potions of invisibility {unknown}
 T - 4 potions of curing
Miscellaneous
 z - a lamp of fire
Comestibles
 f - 7 bread rations
 g - 5 meat rations
 X - 11 royal jellies
 Z - 13 fruits


   Skills:
 + Level 10.3 Fighting
 + Level 13.9 Maces & Flails
 + Level 9.1 Armour
 + Level 1.9 Dodging
 + Level 2.1 Stealth
 + Level 11.6 Shields


You had 11 spell levels left.
You didn't know any spells.

Dungeon Overview and Level Annotations

Branches:
Dungeon (10/15)            Temple (0/1) D:5            Lair (4/6) D:10
  Swamp (0/4) Lair:2
  Snake: Lair:2-4    Spider: Lair:2-4       Orc: D:9-12

Altars:

Shops:
D:9 }

Annotations:
D:9 Cache in SW


Message History

The minotaur is moderately wounded.
You block the minotaur's attack.
The minotaur gores you but does no damage.
Your plate armour prevents you from hitting the minotaur.
The minotaur furiously retaliates!
The minotaur headbutts you, but does no damage.
The minotaur is moderately wounded.
You block the minotaur's attack. The minotaur gores you.
The minotaur blocks your attack.
The minotaur is moderately wounded.
The minotaur hits you with an eveningstar!!!
The minotaur completely misses you. The minotaur blocks your attack.
The minotaur is moderately wounded.
The minotaur hits you with an eveningstar!!
* * * LOW HITPOINT WARNING * * *
You block the minotaur's attack.
There is an open door here.
You feel better. You block the minotaur's attack. The minotaur gores you!!
You die...

##### # #8<8#
#).:# # #8.8# #
. #:.[# # #8.8#
# ... ## #...#.#
## .#.# #8H8# #
#... . #
#...##@##.# #
#.#.##........##
## .. ..
#...#..........
.# # # ###
###.###### .....
.....# # ## #. #
####.### . .. #
# . #. .# ##
###.## #.# # .
#. #.. ..#. .


You could see a minotaur (berserk).

Vanquished Creatures
  A hydra (Lair:4)
  A two-headed ogre (D:10)
  3 elephants (Lair:2)
  2 spiny frogs
  2 komodo dragons
  A troll (D:9)
  A tyrant leech (Lair:2)
  4 hippogriffs
  A hornet (D:9)
  16 yaks
  Eustachio (D:5)
  A shadow (Lab)
  Menkaure (D:7)
  2 soldier ants (D:9)
  2 water moccasins
  Duvessa (D:7)
  2 black bears
  2 orc warriors
  4 porcupines
  2 sky beasts (D:6)
  An ice beast (D:9)
  4 ogres
  A phantom (D:5)
  9 wolves
  3 crocodiles
  5 big kobolds
  11 centaurs
  An elf zombie (Ossuary)
  11 bullfrogs
  Dowan (D:7)
  2 scorpions (D:10)
  A spriggan skeleton (Lab)
  4 wights (D:10)
  A troll skeleton (Lab)
  A howler monkey (D:7)
  A lava snake (D:7)
  3 centaur zombies
  2 bullfrog zombies
  5 crimson imps
  2 quasits
  3 hounds
  A gnoll shaman (D:9)
  An orc priest (D:10)
  A human zombie (Ossuary)
  An iguana (D:7)
  A centaur skeleton (D:5)
  Terence (D:2)
  A bullfrog skeleton (D:9)
  8 worker ants
  5 orc wizards
  4 ogre zombies (Ossuary)
  2 hound skeletons
  7 mummies (Ossuary)
  A howler monkey zombie (D:9)
  14 gnolls
  2 howler monkey skeletons
  19 adders
  2 river rats
  2 shadow imps
  6 adder zombies
  3 oozes
  4 adder skeletons
  9 worms
  2 dart slugs
  7 leopard geckos
  20 orcs
  5 ball pythons
  10 bats
  6 giant cockroaches
  A gnoll zombie (Ossuary)
  5 goblins
  6 hobgoblins
  15 jackals
  13 kobolds
  3 quokkas
  4 frilled lizards
  3 goblin zombies (Ossuary)
  4 hobgoblin zombies (Ossuary)
  A kobold zombie (Ossuary)
  A leopard gecko skeleton (D:6)
  2 quokka zombies (Ossuary)
  5 rats
  7 rat zombies (Ossuary)
  A plant (D:10)
338 creatures vanquished.

Vanquished Creatures (collateral kills)
  The ghost of Monsterracer the Grappler, a journeyman DrTm of Okawaru (Lair:2)
  Sonja (Lair:3)
  A komodo dragon (Lair:2)
  5 spiny frogs
  A hippogriff (Lair:2)
  9 yaks
  A basilisk (Lair:4)
  A water moccasin (Lair:2)
  A porcupine (Lair:3)
  4 necrophages (Lair:3)
  A wolf (Lair:2)
  4 crocodiles
  A bullfrog (Lair:4)
  A hound (D:10)
  2 fungi
34 creatures vanquished.

Vanquished Creatures (others)
  An orc knight (Lair:2)
  An orc warrior (Lair:2)
  6 orcs (D:10)
  2 orc priests
  3 orc wizards
  A killer bee zombie (D:8)
  A gnoll (D:9)
  3 fungi
18 creatures vanquished.

Grand Total: 390 creatures vanquished

Notes
Turn   | Place    | Note
-------+----------+-------------------------------------------
     0 | D:1      | tmwrnj the Hill Orc Fighter began the quest for the Orb.
     0 | D:1      | Reached XP level 1. HP: 19/19 MP: 1/1
    83 | D:1      | Reached XP level 2. HP: 27/27 MP: 2/2
   648 | D:2      | Reached XP level 3. HP: 33/33 MP: 3/3
  1062 | D:2      | Reached XP level 4. HP: 37/40 MP: 4/4
  1142 | D:2      | Noticed Terence
  1163 | D:2      | Killed Terence
  1163 | D:2      | Reached skill level 3 in Maces & Flails
  1803 | D:3      | Reached XP level 5. HP: 36/46 MP: 5/5
  2660 | D:4      | Reached skill level 4 in Maces & Flails
  2818 | D:4      | Noticed an ogre
  2894 | D:5      | Entered Level 5 of the Dungeon
  2895 | D:5      | Noticed a centaur
  2927 | D:4      | Reached XP level 6. HP: 46/53 MP: 6/6
  3079 | D:4      | Reached skill level 5 in Shields
  3561 | D:4      | Reached skill level 5 in Maces & Flails
  3561 | D:4      | Reached XP level 7. HP: 60/60 MP: 7/7
  4081 | D:5      | Reached skill level 6 in Maces & Flails
  4205 | D:5      | Reached skill level 5 in Fighting
  4252 | D:5      | Noticed Eustachio
  4271 | D:5      | Killed Eustachio
  4271 | D:5      | Reached skill level 5 in Armour
  4271 | D:5      | Reached XP level 8. HP: 66/68 MP: 8/8
  4568 | D:5      | Found a staircase to the Ecumenical Temple.
  4836 | D:5      | Reached skill level 7 in Maces & Flails
  5053 | D:6      | Found a glowing drain.
  5062 | Sewer    | Entered a sewer
  5470 | Sewer    | Reached skill level 1 in Dodging
  5602 | D:6      | Reached skill level 8 in Maces & Flails
  5615 | D:6      | Reached XP level 9. HP: 75/75 MP: 9/9
  5857 | D:6      | Got a smoking flail
  6100 | D:7      | Noticed Menkaure
  6109 | D:7      | Killed Menkaure
  6208 | D:7      | Identified the +2 flail of Dawn {crush, rF+ rC- SInv} (You found it on level 6 of the Dungeon)
  6253 | D:7      | Noticed Duvessa
  6257 | D:7      | Noticed Dowan
  6267 | D:7      | Killed Duvessa
  6267 | D:7      | Reached skill level 9 in Maces & Flails
  6270 | D:7      | Killed Dowan
  6747 | D:8      | Became a worshipper of Beogh the Brigand
  6778 | D:8      | Found a sand-covered staircase.
  6783 | Ossuary  | Entered an ossuary
  7042 | Ossuary  | Reached * piety under Beogh
  7325 | Ossuary  | Reached skill level 10 in Maces & Flails
  7570 | D:8      | Reached XP level 10. HP: 56/86 MP: 10/10
  7922 | D:9      | Reached ** piety under Beogh
  8107 | D:9      | Reached skill level 11 in Maces & Flails
  8496 | D:9      | Found Ganlot's Gadget Shoppe.
  8822 | D:9      | Reached *** piety under Beogh
  8994 | D:10     | Entered Level 10 of the Dungeon
  9042 | D:10     | Found a staircase to the Lair.
  9224 | D:10     | Reached XP level 11. HP: 95/95 MP: 11/11
  9248 | D:10     | Noticed a two-headed ogre
  9359 | D:10     | Reached skill level 12 in Maces & Flails
  9529 | D:10     | Killed a two-headed ogre
  9743 | Lair:1   | Entered Level 1 of the Lair of Beasts
  9804 | Lair:1   | Reached **** piety under Beogh
  9842 | Lair:1   | Reached skill level 10 in Shields
 10625 | Lair:2   | Noticed Monsterracer's ghost (journeyman DrTm)
 10654 | Lair:2   | Killed Monsterracer's ghost
 10654 | Lair:2   | Reached skill level 13 in Maces & Flails
 10708 | Lair:2   | Reached skill level 1 in Stealth
 10887 | Lair:2   | Reached XP level 12. HP: 95/106 MP: 12/12
 11127 | Lair:2   | Reached ***** piety under Beogh
 11248 | Lair:2   | Found a staircase to the Swamp.
 11553 | Lair:3   | Noticed Sonja
 11562 | Lair:3   | Killed Sonja
 11562 | Lair:3   | Reached skill level 10 in Fighting
 12405 | Lair:4   | Noticed a six-headed hydra
 12414 | Lair:4   | Killed a six-headed hydra
 12418 | Lair:4   | Gained Herok as an ally
 12615 | Lair:4   | Found a labyrinth entrance.
 12627 | Lab      | Entered a labyrinth
 13241 | Lab      | Noticed a minotaur
 13255 | Lab      | Slain by a minotaur

Skill      XL: |  1  2  3  4  5  6  7  8  9 10 11 12 |
---------------+-------------------------------------+-----
Maces & Flails | 3 4 5 6 8 10 11 13 | 13.9
Armour         | 4 5 6 7 8 9 |  9.1
Shields        | 4 5 7 9 11 | 11.6
Fighting       | 4 5 6 7 8 9 10 | 10.3
Dodging        | 1 |  1.9
Stealth        | 1 2 |  2.1

Action                   |  1- 3 |  4- 6 |  7- 9 | 10-12 || total
-------------------------+-------+-------+-------+-------++-------
Melee: Flail             |    70 |   288 |   551 |   696 ||  1605
Invok: Convert to Beogh  |       |       |     1 |       ||     1
  Use: Potion            |     2 |       |       |     1 ||     3
       Scroll            |       |     2 |     4 |     6 ||    12
 Stab: Distracted        |       |       |       |     3 ||     3
  Eat: Chunk             |       |     7 |     6 |    14 ||    27
       Royal jelly       |       |     1 |     2 |       ||     3
       Fruit             |       |       |     3 |     7 ||    10
Armor: Scale mail        |    50 |    99 |       |       ||   149
       Plate armour      |       |    72 |   269 |   310 ||   651
Dodge: Dodged            |    33 |    71 |    81 |   131 ||   316
Block: Shield            |    49 |   180 |   285 |   417 ||   931
